 Dungeon Crawl Stone Soup version 0.31-a0-182-gc5ef74bbde (webtiles) character file.

Game seed: 9745671173500378561

55 qw the Chopper (level 3, -2/23 HPs)
             Began as a Gargoyle Fighter on June 20, 2023.
             Slain by a worm (9 damage)
             ... on level 2 of the Dungeon.
             The game lasted 00:00:28 (1021 turns).

qw the Chopper (Gargoyle Fighter)                   Turns: 1021, Time: 00:00:29

Health: -2/23      AC: 10    Str: 21    XL:     3   Next: 93%
Magic:  3/3        EV:  9    Int:  8    God:
Gold:   54         SH:  4    Dex:  9    Spells: 2/2 levels left

rFire   . . .        Y - +0 war axe
rCold   . . .        c - +0 buckler
rNeg    + . .        b - +0 scale mail
rPois   inf          (no helmet)
rElec   +            (no cloak)
rCorr   .            (no gloves)
SInv    .            (no boots)
Will    .....        (no amulet) Stlth
                     (no ring)
HPRegen 0.23/turn    (no ring)
MPRegen 0.08/turn

%: no passive effects
@: no status effects
A: sickness immunity, AC +3, negative energy resistance 1, electricity
resistance, torment resistance 1, petrification resistance
a: no special abilities


You were on level 2 of the Dungeon.
You visited 1 branch of the dungeon, and saw 2 of its levels.

You collected 54 gold pieces.


Innate Abilities, Weirdness & Mutations

You are immune to sickness and miasma.
Your stone body is resilient. (AC +3)
You are immune to poison.
You resist negative energy. (rN+)
You are resistant to electric shocks. (rElec)
You are resistant to unholy torment.
You are immune to petrification.


   Skills:
 - Level 3.2 Fighting
 + Level 3.7 Axes
 - Level 3.2 Armour
 - Level 3.2 Shields


You had 2 spell levels left.
You didn't know any spells.
Your spell library was empty.

Inventory:

Hand Weapons
 e - a +0 whip
 Y - a +0 war axe (weapon)
Armour
 b - a +0 scale mail (worn)
 c - a +0 buckler (worn)
Scrolls
 h - 2 scrolls of enchant armour
Potions
 a - a potion of ambrosia {unknown}
 d - a potion of might
 f - a potion of mutation {unknown}
 i - a potion of berserk rage {unknown}

Dungeon Overview and Level Annotations

Branches:
Dungeon (2/15)

Altars:

Shops:
D:1 [


Message History

You hit the hobgoblin.
You kill the hobgoblin!
You hit the goblin but do no damage. You hit the goblin.
You kill the goblin!
The goblin hits you but does no damage.
You miss the goblin. You closely miss the goblin. x2
The goblin hits you with a +0 club. You block the goblin's attack.
The goblin closely misses you. The goblin misses you.
The goblin barely misses you. You block the goblin's attack.
You barely miss the goblin. x2; You slash the goblin!
You kill the goblin!
The goblin barely misses you. x2
You barely miss the goblin. You slash the goblin!
You kill the goblin!
You closely miss the goblin. The goblin hits you but does no damage.
The goblin hits you with a +0 dagger.
The goblin closely misses you. x2; The goblin barely misses you.
You closely miss the goblin. You slash the goblin!
You kill the goblin!
You hit the goblin.
You kill the goblin!
The goblin no longer looks unusually strong.
The goblin hits you but does no damage.
You slash the goblin!
You kill the goblin!
You hit the worm.
The worm is lightly wounded.
The worm closely misses you.
You barely miss the worm.
The worm is lightly wounded.
You block the worm's attack.
You hit the worm.
The worm is lightly wounded.
The worm barely misses you.
You hit the worm but do no damage.
The worm is lightly wounded.
You slash the worm!
The worm is severely wounded.
The worm bites you!
You die...

.. # .. # ..#.# ## #.
..... #.##### #.# ....
#..).##########..
####..###>..........# ##
......w#)##.#######.###.
#..)@###.# #..... ##.#)#
#.# #####. # #.# #.# ##
#.# #.# # ..# #.# #.#
#.# ..# #.# ###


You could see a worm.

Vanquished Creatures
  Robin (D:2)
  3 ball pythons (D:1)
  3 bats (D:1)
  An endoplasm (D:1)
  3 giant cockroaches (D:1)
  14 goblins
  5 hobgoblins
  3 kobolds
  2 rats (D:1)
35 creatures vanquished.

Notes
Turn   | Place    | Note
-------+----------+-------------------------------------------
     0 | D:1      | qw the Gargoyle Fighter began the quest for the Orb.
     0 | D:1      | Reached XP level 1. HP: 14/14 MP: 1/1
     0 | D:1      | 0 ||| qw: Version: 0.3-a-9-g12657ce
     0 | D:1      | 0 ||| qw: Game counter: 1358
     0 | D:1      | 0 ||| qw: Always use a shield: true
     0 | D:1      | 0 ||| qw: God list: Okawaru
     0 | D:1      | 0 ||| qw: Allow faded altars: false
     0 | D:1      | 0 ||| qw: Do Orc after D:15 true
     0 | D:1      | 0 ||| qw: Do second Lair branch before Depths: true
     0 | D:1      | 0 ||| qw: Lair rune preference: random
     0 | D:1      | 0 ||| qw: Plans: Normal, Zot:1-4, Slime:5, God:TSO, Crypt,
                  | Tomb, Abyss, Pan, Hells, Win
     0 | D:1      | 0 ||| PLANNING D:1-11
   219 | D:1      | Reached XP level 2. HP: 19/19 MP: 2/2
   380 | D:1      | Found Ucekiofa's Armour Emporium.
   381 | D:1      | 381 ||| Stepping ~*~*~tactically~*~*~ (hiding).
   383 | D:1      | 383 ||| Stepping ~*~*~tactically~*~*~ (hiding).
   384 | D:1      | 384 ||| Stepping ~*~*~tactically~*~*~ (hiding).
   412 | D:1      | 412 ||| SHOPLISTING +0 chain mail (58 gold, have 35).
   412 | D:1      | 412 ||| SHOPLISTING +0 pair of boots (58 gold, have 35).
   412 | D:1      | 412 ||| SHOPLISTING +1 troll leather armour (286 gold, have
                  | 35).
   629 | D:1      | Reached skill level 3 in Axes
   768 | D:1      | Reached XP level 3. HP: 23/23 MP: 3/3
   923 | D:1      | 923 ||| READING scroll labelled DOENNA QENENAUMU.
   924 | D:1      | 924 ||| READING 3 scrolls labelled JUTWEF QOBECH.
   987 | D:2      | 987 ||| Stepping ~*~*~tactically~*~*~ (hiding).
  1000 | D:2      | Noticed Robin
  1007 | D:2      | Killed Robin
  1014 | D:2      | HP: 5/23 [goblin/+0 dagger[Robin] (1)]
  1021 | D:2      | Slain by a worm

Levels and vault maps discovered:
D:1:      minmay_arrival_stair_chambers, layout_basic, serial_forest,
          infiniplex_forest_3_way, infiniplex_forest_split,
          infiniplex_forest_straight_2, infiniplex_forest_straight_3,
          infiniplex_forest_lined_2, infiniplex_forest_clump_tiny, serial_shops,
          shop
D:2:      layout_loops_ring, basic_altar, serial_shops,
          nicolae_shop_tiny_waterfront, uniq_robin

Skill      XL: |  1  2 |
---------------+-------+-----
Axes           | 2 3 |  3.7
Fighting       | |  3.2
Armour         | |  3.2
Shields        | |  3.2

Action                     || total
---------------------------++-------
  Melee: War axe           ||    87
    Use: Scroll            ||     2
 Armour: Scale mail        ||    46
  Dodge: Dodged            ||    41
  Block: Buckler           ||    18

Table legend:
 A = Non-vault XP
 B = Vault XP
 C = Vault XP percentage of total XP
 D = Non-vault monster count
 E = Vault monster count
 F = Vault count percentage of total count
                 A         B        C        D         E       F
            +---------+---------+-------+---------+---------+-------
      Total |      42 |      37 |  46.8 |      23 |      12 |  34.3
            +---------+---------+-------+---------+---------+-------
        D:1 |      40 |       0 |   0.0 |      22 |       0 |   0.0
        D:2 |       2 |      37 |  94.9 |       1 |      12 |  92.3
            +---------+---------+-------+---------+---------+-------
